 Dungeon Crawl Stone Soup version 0.30.1-11-g7821555f0a (webtiles) character file.

Game seed: 15245858137272273225

295 lonewolfV2 the Ducker (level 6, -2/38 HPs)
             Began as a Tengu Fighter on Nov 3, 2023.
             Killed by nerve-wracking pain
             ... invoked by an orc priest
              (9 damage)
             ... on level 3 of the Dungeon.
             The game lasted 00:05:42 (2139 turns).

lonewolfV2 the Ducker (Tengu Fighter)               Turns: 2139, Time: 00:05:43

Health: -2/38      AC:  7    Str: 18    XL:     6   Next: 34%
Magic:  2/2        EV: 13    Int: 12    God:
Gold:   236        SH:  0    Dex: 14    Spells: 5/5 levels left

rFire   . . .        e - +9 executioner's axe "Arcanum" {antimagic, Int+4}
rCold   . . .        (shield currently unavailable)
rNeg    . . .        b - +0 scale mail
rPois   .            (helmet restricted)
rElec   .            (no cloak)
rCorr   .            (no gloves)
SInv    .            (boots unavailable)
Will    .....        (no amulet) Stlth
                     (no ring)
HPRegen 0.26/turn    (no ring)
MPRegen 0.08/turn

%: no passive effects
@: flying quickly and evasively, quick
A: beak, talons 3, nimble flight
a: no special abilities


You were on level 3 of the Dungeon.
You visited 1 branch of the dungeon, and saw 3 of its levels.

You collected 236 gold pieces.

Inventory:

Hand Weapons
 a - a +1 war axe
 e - the +9 executioner's axe "Arcanum" (weapon) {antimagic, Int+4}
   (You acquired it on level 1 of the Dungeon)

   Int:       It affects your intelligence (+4).
Armour
 b - a +0 scale mail (worn)
 c - a +0 buckler
Wands
 j - a wand of light (6)
Scrolls
 f - a scroll of vulnerability {unknown}
Potions
 d - a potion of might
 g - a potion of resistance {unknown}
 h - 2 potions of cancellation
 k - a potion of heal wounds


   Skills:
 - Level 4.3 Fighting
 * Level 3.1 Axes
 * Level 4.0 Armour
 - Level 4.6 Dodging
 - Level 3.0 Shields


You had 5 spell levels left.
You didn't know any spells.
Your spell library was empty.

Dungeon Overview and Level Annotations

Branches:
Dungeon (3/15)

Altars:


Innate Abilities, Weirdness & Mutations

You have a beak for a mouth.
You have claws for feet.
Your magical nature lets you fly swiftly and evasively.


Message History

a +0 whip; 2 stones; a kobold corpse You slice the worm!!
You kill the worm!
You start resting.
An orc priest comes into view. It is wielding a +0 morningstar.
An orc priest comes into view. It is wielding a +0 whip.
There are monsters nearby!
There are monsters nearby!
An orc wizard comes into view. It is wielding a +0 dagger.
A bat comes into view.
The orc wizard casts a spell.
The orc wizard flickers and vanishes!
Deactivating autopickup; reactivate with Ctrl-A.
The bat hits you but does no damage. The bat closely misses you.
Something hits you but does no damage.
You slash something! Your kick misses something. Your peck misses something.
The bat hits you but does no damage. Something hits you.
The orc priest miscasts a cantrip.
You hear some strange, mumbled words.
You are confused.
You miss something. The bat hits you but does no damage.
The bat closely misses you. Something hits you but does no damage.
You closely miss something. The bat closely misses you.
Something hits you but does no damage.
You bump into the rock wall.
Something hits you but does no damage.
You bump into the rock wall.
Something hits you but does no damage. The orc priest closely misses you.
You feel less confused.
You hear some strange, mumbled words.
Something tries to affect you, but you resist.
The orc priest invokes the aid of Beogh against you.
Pain shoots through your body!
* * * LOW HITPOINT WARNING * * *
Something hits you but does no damage. The orc priest hits you with a +0 whip.
* * * LOW HITPOINT WARNING * * *
You closely miss something. Your kick misses something.
You barely miss the orc priest. Something hits you but does no damage.
The orc priest mumbles some strange prayers to Beogh against you.
Pain shoots through your body!
You die...

.##.#....#..................
.>....(.....................
..............).............
##..#........#..###.........
#...#........##...#.........
#.#...##..).#####.#.........
.......#......# #.))........
#..............##o).).......
..............<.@{b........#
.................#.........#
...............).#.........#
................##.........#
....†)....................##
................##.........#
...............###.........#
.......#......# ...).....###


You could see an orc priest and a bat.

Vanquished Creatures
  Sigmund (D:2)
  Jessica (D:2)
  3 gnolls (D:3)
  3 adders (D:2)
  3 worms
  An orc (D:3)
  3 endoplasms (D:1)
  3 giant cockroaches
  7 goblins
  4 hobgoblins
  6 jackals
  2 quokkas
  3 ball pythons
  3 bats
  A frilled lizard (D:1)
  5 kobolds
  2 rats (D:1)
51 creatures vanquished.

Notes
Turn   | Place    | Note
-------+----------+-------------------------------------------
     0 | D:1      | lonewolfV2 the Tengu Fighter began the quest for the Orb.
     0 | D:1      | Reached XP level 1. HP: 14/14 MP: 2/2
   113 | D:1      | Reached skill level 1 in Dodging
   253 | D:1      | Reached XP level 2. HP: 19/19 MP: 3/3
   659 | D:1      | Reached XP level 3. HP: 23/23 MP: 4/4
  1008 | D:1      | Identified a scroll of acquirement
  1008 | D:1      | Acquired the +9 executioner's axe "Arcanum" {antimagic,
                  | Int+4}
  1353 | D:2      | Noticed Sigmund
  1360 | D:2      | Killed Sigmund
  1361 | D:2      | Reached XP level 4. HP: 29/29 MP: 1/5
  1361 | D:2      | Gained mutation: Your magical nature lets you fly swiftly
                  | and evasively. [Tengu growth]
  1361 | D:2      | Reached XP level 5. HP: 33/33 MP: 2/6
  1666 | D:2      | Noticed Jessica
  1673 | D:2      | Killed Jessica
  1674 | D:2      | Reached XP level 6. HP: 25/38 MP: 2/7
  1905 | D:2      | Identified the +9 sling of Malaise {flame, Fragile rElec
                  | rC++ Str+4}
  2139 | D:3      | Killed from afar by an orc priest

Illustrated notes

Levels and vault maps discovered:
D:1:      tarquinn_simple_flora_water_d, layout_loops_corners,
          kennysheep_another_room, minmay_gold_behind_fungi
D:2:      layout_loops_ring, uniq_jessica, uniq_sigmund
D:3:      layout_rooms

Skill      XL: |  1  2  3  4  5  6 |
---------------+-------------------+-----
Dodging        | 1 2 4 |  4.6
Fighting       | 4 |  4.3
Axes           | 3 |  3.1
Armour         | 4 |  4.0
Shields        | |  3.0

Action                     |  1- 3 |  4- 6 || total
---------------------------+-------+-------++-------
  Melee: War axe           |    47 |       ||    47
         Kick              |     7 |     6 ||    13
         Executioner's axe |    10 |    42 ||    52
         Peck              |     3 |     3 ||     6
    Use: Scroll            |     5 |     4 ||     9
 Armour: Scale mail        |    29 |    32 ||    61
  Dodge: Dodged            |    38 |    49 ||    87
  Block: Buckler           |     9 |       ||     9
